 Dungeon Sprint DCSS version 0.28.0-53-g5a82cb258f (webtiles) character file.

Game seed: 2174843004151431998

3 Zeld the Conjurer (level 1, 0/10 HPs)
             Began as a Deep Elf Conjurer on June 9, 2022.
             Slain by a goblin
             ... wielding a +0 club
              (3 damage)
             ... in the Dungeon (Sprint IX: "|||||||||||||||||||||||||||||").
             The game lasted 00:00:07 (18 turns).

Zeld the Conjurer (Deep Elf Conjurer)                 Turns: 18, Time: 00:00:08

Health: 0/10       AC:  2    Str:  4    XL:     1   Next: 41%
Magic:  1/7        EV: 12    Int: 22    God:
Gold:   0          SH:  0    Dex: 13    Spells: 7/8 levels left

rFire   . . .      SeeInvis .   (no weapon)
rCold   . . .      Faith    .   (no shield)
rNeg    . . .      Spirit   .   a - +0 robe
rPois   .          Reflect  .   (no helmet)
rElec   .          Harm     .   (no cloak)
rCorr   .          Rampage  .   (no gloves)
Will    .....      NoTele   +   (no boots)
Stlth   ++........              (no amulet)
HPRegen 0.03/turn               (no ring)
MPRegen 0.10/turn               (no ring)

@: no status effects
A: no striking features
a: no special abilities


You were in the Dungeon.
You visited 1 branch

Inventory:

Armour
 a - a +0 robe (worn)
Scrolls
 g - a scroll of blinking
Potions
 b - a potion of curing
 c - a potion of heal wounds
 d - a potion of haste
 e - 2 potions of magic
 f - a potion of berserk rage


   Skills:
 - Level 2.4 Dodging
 - Level 2.4 Stealth
 + Level 4.1 Spellcasting
 + Level 5.0 Conjurations


You had 7 spell levels left.
You knew the following spells:

 Your Spells              Type           Power      Damage    Failure   Level
a - Magic Dart            Conj           100%       1d8       1%          1

Your spell library contained the following spells:

 Spells                   Type           Power      Damage    Failure   Level
 Searing Ray              Conj           52%        2d6       2%          2
 Dazzling Flash           Conj/Hex       30%        N/A       12%         3
 Fulminant Prism          Conj/Hex       7%         3d7       36%         4
 Iskenderun's Mystic Bla  Conj/Tloc      15%        2d5       36%         4


Dungeon Overview and Level Annotations

Branches:
Dungeon (1/1)

Altars:


Message History

A quokka, a rat, 2 goblins and a frilled lizard come into view.
The magic dart hits the quokka.
The quokka is moderately wounded.
The goblin shouts!
The magic dart hits the quokka.
The quokka is severely wounded.
The quokka completely misses you. The quokka barely misses you.
The magic dart hits the quokka.
You kill the quokka!
The magic dart hits the goblin.
You kill the goblin!
Your Spellcasting skill increases to level 4!
The magic dart hits the rat.
You kill the rat!
Your Conjurations skill increases to level 5!
You miscast Magic Dart.
You are very lightly contaminated with residual magic.
Nothing appears to happen.
You are too depleted to draw on your mana recklessly!
You are too depleted to draw on your mana recklessly!
You close the door, pushing everything out of the way.
Things that are here:
a +0 club; a goblin corpse A goblin opens the door.
You close the door.
A goblin opens the door.
You close the door.
A goblin opens the door.
You close the door.
A goblin breaks down the door.
The goblin hits you with a +0 club.
There is a broken door to the Dungeon here.
You hit the goblin.
The goblin is moderately wounded.
The goblin hits you with a +0 club.
Your magical contamination has completely faded away.
You hit the goblin but do no damage. The goblin hits you with a +0 club.
* * * LOW HITPOINT WARNING * * *
The frilled lizard hisses.
You closely miss the goblin. The goblin misses you.
You are too injured to fight recklessly!
You hit the goblin but do no damage. The goblin hits you with a +0 club.
You die... ▓▓▓▓▓▓▓▓▓▓▓▓ ▓<..)@gl...+ ▓▓▓▓▓▓▓▓▓▓▓▓

You could see a goblin and a frilled lizard.

Vanquished Creatures
  A goblin (D)
  A quokka (D)
  A rat (D)
3 creatures vanquished.

Notes
Turn   | Place    | Note
-------+----------+-------------------------------------------
     0 | D        | Zeld the Deep Elf Conjurer began the quest for the Orb.
     0 | D        | Reached XP level 1. HP: 10/10 MP: 6/6
     9 | D        | Reached skill level 5 in Conjurations
    18 | D        | Slain by a goblin

Illustrated notes

Levels and vault maps discovered:
D:        linesprint [early_d, line_temple, items_1, d_10, items_2, lair_1,
          lair_end, items_3, orc_1, orc_end, items_4, d_15, swamp_1, shoals_1,
          snake_1, spider_1, d_20, vaults_1, items_5, swamp_end, shoals_end,
          snake_end, spider_end, vaults_end, d_27, items_6, zot_1, zot_end,
          crypt_end, forest_end, elf_end, slime_end, tomb_end, abyss_end,
          pan_hell_end]

Skill      XL: |  1 |
---------------+----+-----
Spellcasting   | 4 |  4.1
Conjurations   | 5 |  5.0
Dodging        | |  2.4
Stealth        | |  2.4

Action                   || total
-------------------------++-------
Melee: Unarmed           ||     4
 Cast: Magic Dart        ||     5
Dodge: Dodged            ||     3
